[Event "Titled Tuesday Blitz August 10 2021"]
[White "Al Hosani, Omran"]
[Black "Mamedov, Rauf"]
[WhiteFideId "9308733"]
[BlackFideId "13401653"]
[WhiteElo "2259"]
[BlackElo "2657"]
[Result "0-1"]
[Round "01"]
[TimeControl "180+1"]
[Date "2021.08.10"]
[WhiteClock "0:00:35"]
[BlackClock "0:01:24"]

1. d4 Nf6 2. c4 g6 3. Nc3 Bg7 4. e4 d6 5. Nf3 O-O 6. Be2 e5 7. O-O Na6 8. h3 exd4 9. Nxd4 Re8 10. f3 Nh5 11. Rf2 Ng3 12. Be3 Nc5 13. Qd2 Ne6 14. Bd1 c5 15. Ndb5 Bf8 16. Ba4 Bd7 17. Rd1 Qh4 18. Nd5 a6 19. Nbc3 Bxa4 20. Nxa4 Bg7 21. b4 cxb4 22. Qxb4 f5 23. exf5 Nxf5 24. Bb6 Ned4 25. f4 Ne2+ 26. Rxe2 Rxe2 27. Rf1 Rae8 28. Bf2 Ng3 29. Qxb7 Rxf2 30. Rxf2 Re1+ 31. Kh2 Rh1# 0-1


[Site "https://www.chess.com"]

[Event "Titled Tuesday Blitz August 10 2021"]
[White "Bok, Benjamin"]
[Black "Leenhouts, Koen"]
[WhiteFideId "1017063"]
[BlackFideId "1008439"]
[WhiteElo "2658"]
[BlackElo "2409"]
[Result "1-0"]
[Round "01"]
[TimeControl "180+1"]
[Date "2021.08.10"]
[WhiteClock "0:00:35"]
[BlackClock "0:00:05"]

1. d4 Nf6 2. c4 g6 3. g3 Bg7 4. Bg2 c6 5. Nf3 d5 6. b3 O-O 7. Bb2 Bf5 8. O-O a5 9. Nc3 Ne4 10. e3 Nxc3 11. Bxc3 Be4 12. Qe2 a4 13. Rfc1 Nd7 14. cxd5 cxd5 15. bxa4 Rxa4 16. Qb5 Ra7 17. Bb4 Re8 18. a4 e5 19. a5 exd4 20. Nxd4 Ne5 21. Bc5 Ra8 22. Bxe4 dxe4 23. Qxb7 Nd3 24. Bb6 Qf6 25. Rc2 Reb8 26. Qxe4 Nb4 27. Rc4 Qd6 28. Bc7 Qa6 29. Bxb8 Qxc4 30. Qxa8 1-0


[Site "https://www.chess.com"]

[Event "Titled Tuesday Blitz August 10 2021"]
[White "Bortnyk, Olexandr"]
[Black "Reprintsev, Alexander"]
[WhiteFideId "14120828"]
[BlackFideId "14100541"]
[WhiteElo "2723"]
[BlackElo "2126"]
[Result "1-0"]
[Round "01"]
[TimeControl "180+1"]
[Date "2021.08.10"]
[WhiteClock "0:01:14"]
[BlackClock "0:01:29"]

1. e4 d5 2. exd5 Qxd5 3. Nc3 Qa5 4. Nf3 Nf6 5. Be2 Nc6 6. Rb1 e5 7. d3 Bf5 8. a3 O-O-O 9. b4 Nxb4 10. axb4 Bxb4 11. Rxb4 Qxb4 12. Bd2 Qb2 13. Nxe5 Rhe8 14. Nc4 Qb4 15. O-O h6 16. Bf3 Be6 17. Ne4 Qe7 18. Nxf6 Qxf6 19. Ne3 Bd7 20. Nd5 Qa6 21. Bf4 Bc6 22. Nxc7 Qa4 23. Nxe8 Qxf4 24. Bxc6 bxc6 25. Nxg7 Rg8 26. Nh5 1-0


[Site "https://www.chess.com"]

[Event "Titled Tuesday Blitz August 10 2021"]
[White "Chen, Max"]
[Black "Pridorozhni, Aleksei"]
[WhiteFideId "2622440"]
[BlackFideId "4127870"]
[WhiteElo "2453"]
[BlackElo "2565"]
[Result "1-0"]
[Round "01"]
[TimeControl "180+1"]
[Date "2021.08.10"]
[WhiteClock "0:00:50"]
[BlackClock "0:02:11"]

1. e4 c5 2. Nf3 e6 3. d4 cxd4 4. Nxd4 Nf6 5. Nc3 Nc6 6. Be3 Bb4 7. f3 O-O 8. a3 Bxc3+ 9. bxc3 d5 10. Nxc6 bxc6 11. exd5 cxd5 12. Bd3 Qa5 13. Bd4 Nd7 14. f4 Nc5 15. O-O Bd7 16. Bxh7+ Kxh7 17. Qh5+ Kg8 18. Bxg7 Kxg7 19. Qg5+ Kh7 20. Rf3 e5 21. f5 1-0


[Site "https://www.chess.com"]

[Event "Titled Tuesday Blitz August 10 2021"]
[White "Dobrikov, Marco"]
[Black "Moussard, Jules"]
[WhiteFideId "12950378"]
[BlackFideId "642908"]
[WhiteElo "2101"]
[BlackElo "2644"]
[Result "0-1"]
[Round "01"]
[TimeControl "180+1"]
[Date "2021.08.10"]
[WhiteClock "0:02:00"]
[BlackClock "0:01:36"]

1. e4 g6 2. d4 Bg7 3. Nf3 d6 4. c4 Nf6 5. Nc3 O-O 6. Be2 e5 7. O-O Nc6 8. Be3 Ng4 9. d5 Nxe3 10. fxe3 Ne7 11. Kh1 Bh6 12. Qd3 f5 13. exf5 gxf5 14. e4 Ng6 15. Qc2 Nf4 16. Bd3 Nxd3 17. Qxd3 Qf6 18. Rae1 Bd7 19. exf5 Bxf5 20. Ne4 Qe7 21. Qe2 Rf7 22. Ng1 Raf8 23. Rf3 Bf4 24. Nf2 Bg6 25. Ngh3 Bh5 26. g4 Bg6 27. Ne4 Qh4 28. Qg2 Qxe1+ 0-1


[Site "https://www.chess.com"]

[Event "Titled Tuesday Blitz August 10 2021"]
[White "Guz, Ari"]
[Black "Bluebaum, Matthias"]
[WhiteFideId "2825759"]
[BlackFideId "24651516"]
[WhiteElo "1847"]
[BlackElo "2685"]
[Result "0-1"]
[Round "01"]
[TimeControl "180+1"]
[Date "2021.08.10"]
[WhiteClock "0:00:37"]
[BlackClock "0:02:21"]

1. d4 Nf6 2. Bf4 d5 3. e3 c5 4. Nf3 Nc6 5. c3 Qb6 6. Qb3 c4 7. Qc2 Bf5 8. Qc1 Nh5 9. Bg3 f6 10. Nbd2 e5 11. dxe5 Nxg3 12. hxg3 fxe5 13. e4 Bxe4 14. Nxe4 dxe4 15. Nd2 e3 16. Ne4 exf2+ 17. Nxf2 O-O-O 18. Bxc4 Bc5 19. Ne4 Be3 20. Qc2 Rhf8 21. Ke2 Bd2 22. Nxd2 Rf2+ 23. Kd1 Qe3 24. Kc1 Rdxd2 0-1


[Site "https://www.chess.com"]

[Event "Titled Tuesday Blitz August 10 2021"]
[White "Ibarra Jerez, Jose Carlos"]
[Black "Lamard, Guillaume"]
[WhiteFideId "2226332"]
[BlackFideId "600261"]
[WhiteElo "2602"]
[BlackElo "2387"]
[Result "1-0"]
[Round "01"]
[TimeControl "180+1"]
[Date "2021.08.10"]
[WhiteClock "0:00:30"]
[BlackClock "0:00:47"]

1. d4 d5 2. Bf4 c6 3. e3 Nf6 4. c4 e6 5. Nc3 Bd6 6. Bg3 Ne4 7. Nxe4 dxe4 8. Bxd6 Qxd6 9. c5 Qd5 10. Ne2 f5 11. Nf4 Qd8 12. Qh5+ Ke7 13. Bc4 g6 14. Qh6 Qf8 15. Qh3 g5 16. Ne2 Nd7 17. Qg3 Kf6 18. h4 g4 19. h5 b6 20. Nf4 Nb8 21. Nxe6 Bxe6 22. Qe5+ Kg5 23. Bxe6 bxc5 24. Bxf5 Qf6 25. Qf4# 1-0


[Site "https://www.chess.com"]

[Event "Titled Tuesday Blitz August 10 2021"]
[White "Jeet, Jain"]
[Black "Kollars, Dmitrij"]
[WhiteFideId "5073022"]
[BlackFideId "12909572"]
[WhiteElo "2085"]
[BlackElo "2576"]
[Result "0-1"]
[Round "01"]
[TimeControl "180+1"]
[Date "2021.08.10"]
[WhiteClock "0:00:13"]
[BlackClock "0:00:20"]

1. e4 c6 2. d4 d5 3. e5 Bf5 4. h4 h5 5. Bd3 Bxd3 6. Qxd3 Qa5+ 7. Nd2 e6 8. Nf3 Nh6 9. O-O Nf5 10. g3 Nd7 11. c4 Be7 12. b3 Rd8 13. Re1 O-O 14. cxd5 Qxd5 15. Bb2 c5 16. Qc4 Nb6 17. Qxd5 Nxd5 18. Ne4 cxd4 19. Red1 Nb4 20. a3 Nc6 21. b4 Rd5 22. Rac1 Nxe5 23. Nxe5 Rxe5 24. f3 Bd8 25. Kh2 Bb6 26. a4 a5 27. b5 Rd5 28. Rd3 Rfd8 29. Kh3 Ne3 30. Ba3 e5 31. Be7 Re8 32. Bg5 Nf5 33. g4 hxg4+ 34. fxg4 Nd6 35. Re1 Nxe4 36. Rxe4 f6 37. Bd2 Kf7 38. h5 g6 39. hxg6+ Kxg6 40. Kg3 Rc8 41. Re1 Rc4 42. Kf3 Rxa4 43. Ke4 Rd7 44. g5 f5+ 45. Kxe5 Re7+ 46. Kd6 Rxe1 47. Bxe1 Ra1 48. Bg3 Rb1 49. Bf4 Rxb5 50. Rh3 Bc5+ 51. Ke6 Bf8 52. Rh8 Rb6+ 53. Kd5 Bg7 54. Ra8 d3 55. Rxa5 Rb4 56. Bd2 Rb2 57. Be3 d2 58. Bxd2 Rxd2+ 59. Ke6 Re2+ 60. Kd7 f4 61. Kc7 f3 62. Ra3 f2 63. Rf3 Bd4 64. Kxb7 Re1 0-1


[Site "https://www.chess.com"]

[Event "Titled Tuesday Blitz August 10 2021"]
[White "Khodzhamkuliev, Bahadur"]
[Black "Terry, Renato"]
[WhiteFideId "24135046"]
[BlackFideId "3803457"]
[WhiteElo "2130"]
[BlackElo "2581"]
[Result "1/2-1/2"]
[Round "01"]
[TimeControl "180+1"]
[Date "2021.08.10"]
[WhiteClock "0:01:05"]
[BlackClock "0:00:08"]

1. Nf3 d5 2. c4 d4 3. d3 Nc6 4. g3 e5 5. Bg2 Nf6 6. O-O a5 7. Bg5 Be7 8. Nbd2 O-O 9. a3 Nd7 10. Bxe7 Qxe7 11. b4 axb4 12. axb4 Rxa1 13. Qxa1 Nxb4 14. Rb1 c5 15. Qa7 f5 16. Ne1 Nf6 17. Nb3 Na6 18. Na5 e4 19. Nxb7 Rf7 20. Qxa6 Bxb7 21. Qa7 h5 22. f3 h4 23. fxe4 fxe4 24. dxe4 hxg3 25. hxg3 Nxe4 26. Nd3 Nxg3 27. Qb8+ Rf8 28. Qxg3 Bxg2 29. Kxg2 Qxe2+ 30. Nf2 Rxf2+ 31. Qxf2 Qe4+ 32. Qf3 Qg6+ 33. Kh3 Qh7+ 34. Kg2 Qc2+ 35. Kh3 Qxb1 36. Qd5+ Kf8 37. Qxc5+ Kf7 38. Qd5+ Kg6 39. Qxd4 Qh1+ 40. Kg3 Qe1+ 41. Kf3 Qf1+ 42. Ke4 Qg2+ 43. Ke5 Qg5+ 44. Kd6 Qd8+ 45. Ke5 Qe7+ 46. Kf4 Qh4+ 47. Ke5 Qf6+ 48. Ke4 Qf5+ 49. Ke3 Qh3+ 50. Kd2 Qg2+ 51. Kc3 Qf3+ 52. Qd3+ Qxd3+ 53. Kxd3 Kf5 54. Ke3 Ke5 55. Kf3 Kd4 56. Kg4 Kxc4 57. Kg5 Kd5 58. Kg6 Ke4 59. Kxg7 1/2-1/2


[Site "https://www.chess.com"]

[Event "Titled Tuesday Blitz August 10 2021"]
[White "Lashkin, Jegor"]
[Black "Veiga, Emerson de Sousa"]
[WhiteFideId "13907808"]
[BlackFideId "2151898"]
[WhiteElo "2293"]
[BlackElo "2034"]
[Result "1-0"]
[Round "01"]
[TimeControl "180+1"]
[Date "2021.08.10"]
[WhiteClock "0:00:11"]
[BlackClock "0:00:19"]

1. d4 Nf6 2. c4 e6 3. Nf3 Bb4+ 4. Bd2 a5 5. g3 O-O 6. Bg2 d5 7. Qc2 c5 8. dxc5 d4 9. O-O Nc6 10. Bg5 h6 11. Bxf6 Qxf6 12. Nbd2 e5 13. Ne4 Qe7 14. a3 Bxc5 15. Nxc5 Qxc5 16. Nd2 Be6 17. Rfc1 f5 18. Qa4 e4 19. Nb3 Qe5 20. Rd1 Rad8 21. c5 f4 22. Nxa5 f3 23. exf3 exf3 24. Bf1 Nxa5 25. Qxa5 Qh5 26. Qb5 Kh8 27. Qxb7 Bh3 28. Qa6 d3 29. Bxd3 Bg2 30. Qg6 Qh3 31. Qh7# 1-0


[Site "https://www.chess.com"]

[Event "Titled Tuesday Blitz August 10 2021"]
[White "Le, Tuan Minh"]
[Black "Kozin, Yuri"]
[WhiteFideId "12401153"]
[BlackFideId "4129920"]
[WhiteElo "2450"]
[BlackElo "2464"]
[Result "1-0"]
[Round "01"]
[TimeControl "180+1"]
[Date "2021.08.10"]
[WhiteClock "0:00:19"]
[BlackClock "0:00:21"]

1. d4 d5 2. Nf3 Nf6 3. Bf4 e6 4. e3 Bd6 5. Nbd2 Bxf4 6. exf4 O-O 7. c3 b6 8. Bd3 Ba6 9. Bxa6 Nxa6 10. Qe2 Nb8 11. O-O c5 12. Rfe1 Nc6 13. Nf1 Qc7 14. g3 Rac8 15. Rad1 Rfe8 16. Ne3 Ne4 17. f5 cxd4 18. Nxd4 Nxd4 19. Rxd4 exf5 20. Nxd5 Qc5 21. Ne3 g6 22. Red1 Ng5 23. h4 f4 24. Rd5 Qc7 25. Rxg5 fxe3 26. fxe3 h6 27. Rg4 Qc5 28. Rdd4 Qe5 29. Kf2 Qe6 30. a3 h5 31. Rgf4 Qh3 32. e4 f5 33. Qf1 Qh2+ 34. Qg2 Qxg2+ 35. Kxg2 fxe4 36. Rfxe4 Rf8 37. Re7 Rce8 38. Rdd7 Rxe7 39. Rxe7 a5 40. Re6 Kf7 41. Rxb6 Rd8 42. a4 Rd3 43. Rb5 Kf6 44. Kh3 Rd2 45. b4 axb4 46. cxb4 Ra2 47. a5 Ra4 48. Rb6+ Kf5 49. a6 Ke4 50. b5 Ra5 51. Rb7 Kf3 52. a7 Ra1 53. Rf7+ Ke3 54. b6 1-0


[Site "https://www.chess.com"]

[Event "Titled Tuesday Blitz August 10 2021"]
[White "Leve, Nitai"]
[Black "Makhnev, Denis"]
[WhiteFideId "2006898"]
[BlackFideId "13707647"]
[WhiteElo "2144"]
[BlackElo "2537"]
[Result "0-1"]
[Round "01"]
[TimeControl "180+1"]
[Date "2021.08.10"]
[WhiteClock "0:00:07"]
[BlackClock "0:00:21"]

1. e4 c6 2. d4 d5 3. e5 Bf5 4. h4 h5 5. Bd3 Bxd3 6. Qxd3 Qa5+ 7. c3 e6 8. Nf3 Qa6 9. Qxa6 Nxa6 10. O-O Be7 11. Bg5 f6 12. exf6 gxf6 13. Bf4 Kf7 14. Re1 Nh6 15. a4 Nf5 16. Na3 Rhg8 17. Kf1 Rg4 18. g3 Rag8 19. Nc2 Bd6 20. Bd2 Bxg3 21. fxg3 Rxg3 22. Ke2 Rg2+ 23. Kd1 Rf2 24. Ng1 Rgg2 25. Ne2 Ng3 26. Ne3 Rxe2 27. Nxg2 Rxg2 28. Bf4 Ne4 29. Re2 Rg1+ 30. Re1 Rg4 31. Rf1 Rxh4 32. b4 Nxc3+ 33. Kc2 Ne2 34. Bg5 Rxd4 35. Bxf6 Rc4+ 36. Kd3 Ng3 37. Rf3 Nxb4+ 38. Kd2 Ne4+ 39. Ke2 Rc2+ 40. Ke3 Nxf6 41. Raf1 Rc3+ 42. Kf4 Rxf3+ 43. Rxf3 Ke7 44. Kg5 Ne4+ 45. Kxh5 c5 46. Kg4 a5 47. Kf4 Kd6 48. Rh3 c4 49. Ke3 c3 0-1


[Site "https://www.chess.com"]

[Event "Titled Tuesday Blitz August 10 2021"]
[White "Levine, Joseph"]
[Black "Yakubboev, Nodirbek"]
[WhiteFideId "30940346"]
[BlackFideId "14203987"]
[WhiteElo "1802"]
[BlackElo "2519"]
[Result "0-1"]
[Round "01"]
[TimeControl "180+1"]
[Date "2021.08.10"]
[WhiteClock "0:00:04"]
[BlackClock "0:00:06"]

1. e4 c5 2. Nf3 Nc6 3. d4 cxd4 4. Nxd4 Nf6 5. Nc3 e5 6. Ndb5 d6 7. Bg5 a6 8. Na3 Be6 9. Nd5 Bxd5 10. exd5 Qa5+ 11. c3 Qxd5 12. Bxf6 Qxd1+ 13. Rxd1 gxf6 14. Nc4 Rd8 15. Nb6 f5 16. Bc4 h5 17. O-O Bh6 18. Rfe1 Kf8 19. Bd5 e4 20. f3 e3 21. Nc4 f4 22. Bxc6 bxc6 23. Nxd6 Kg7 24. Kf1 Kg6 25. Ke2 Rd7 26. Nc4 Rxd1 27. Rxd1 Rc8 28. Rd6+ Kg7 29. b3 Bg5 30. Ne5 Bf6 31. Rxc6 Rd8 32. Nc4 Bxc3 33. Rxa6 h4 34. Ra7 Rd5 35. a4 Rg5 36. Kf1 h3 37. gxh3 Bb4 38. Ra8 Rd5 39. Ke2 Rh5 40. a5 Rxh3 41. Re8 Rxh2+ 42. Kd3 Ra2 43. a6 Rxa6 44. Re4 Rf6 45. Ne5 Bd6 46. Nc4 Bc5 47. Kc3 Re6 48. b4 Rxe4 49. fxe4 Ba7 50. Kd3 Kf6 51. b5 Bc5 52. b6 Ke6 53. b7 Ba7 54. Ke2 Kd7 55. Kf3 Kc7 56. Ne5 f6 57. Ng4 Bd4 58. Nxe3 fxe3 59. e5 fxe5 60. Ke2 Kxb7 61. Kd3 Kc6 0-1


[Site "https://www.chess.com"]

[Event "Titled Tuesday Blitz August 10 2021"]
[White "Lintchevski, Daniil"]
[Black "Estrada Nieto, Julian"]
[WhiteFideId "4171055"]
[BlackFideId "5101018"]
[WhiteElo "2494"]
[BlackElo "2270"]
[Result "1-0"]
[Round "01"]
[TimeControl "180+1"]
[Date "2021.08.10"]
[WhiteClock "0:00:33"]
[BlackClock "0:00:07"]

1. Nf3 d5 2. d4 Nf6 3. c4 dxc4 4. e3 e6 5. Bxc4 c5 6. O-O a6 7. dxc5 Bxc5 8. Qxd8+ Kxd8 9. Ne5 Ke7 10. Be2 Nbd7 11. Nd3 Bd6 12. b3 b5 13. Bb2 Bb7 14. a4 Rhc8 15. axb5 axb5 16. Nc3 b4 17. Nb5 Rxa1 18. Rxa1 Rc2 19. Nd4 Rc8 20. Ra7 Bd5 21. f3 Rc7 22. Rxc7 Bxc7 23. Nxb4 Bb6 24. Nxd5+ Nxd5 25. Kf2 f5 26. Bc4 N7f6 27. Ke2 g6 28. Kd3 f4 29. e4 Ne3 30. Nc6+ Kf7 31. g3 Nf1 32. gxf4 Nxh2 33. Ne5+ Ke7 34. Ba3+ Kd8 35. Bxe6 Nh5 36. Bc1 Bc7 37. Bg4 Ng7 38. Bb2 Nh5 39. Bxh5 gxh5 40. Ke2 Bb6 41. Nc4 Bc5 42. Bc3 Ke7 43. b4 Ba7 44. b5 Bc5 45. b6 Kd7 46. f5 Kc6 47. Be5 Ng4 48. fxg4 hxg4 49. f6 h5 50. f7 h4 51. Bd6 Bxd6 52. Nxd6 h3 53. f8=Q h2 54. Qh6 1-0


[Site "https://www.chess.com"]

[Event "Titled Tuesday Blitz August 10 2021"]
[White "Maghsoodloo, Parham"]
[Black "Prydun, Andriy"]
[WhiteFideId "12539929"]
[BlackFideId "14145898"]
[WhiteElo "2601"]
[BlackElo "2047"]
[Result "1-0"]
[Round "01"]
[TimeControl "180+1"]
[Date "2021.08.10"]
[WhiteClock "0:00:08"]
[BlackClock "0:00:01"]

1. d4 d5 2. c4 c6 3. Nf3 Nf6 4. Nc3 e6 5. Bg5 h6 6. Bxf6 Qxf6 7. Qb3 Qd8 8. g3 Be7 9. Bg2 O-O 10. O-O Nd7 11. e4 Nf6 12. e5 Nd7 13. a4 b6 14. Rfc1 Ba6 15. Bf1 dxc4 16. Bxc4 Bb7 17. h4 Rc8 18. Rd1 Rc7 19. Bd3 Qa8 20. Be4 a6 21. Qc2 Rd8 22. Qe2 Nf8 23. Rd2 Rcd7 24. Rad1 c5 25. dxc5 Bxc5 26. Rxd7 Rxd7 27. Rxd7 Nxd7 28. Qd3 Bxe4 29. Nxe4 Qc6 30. b3 Be7 31. Kg2 b5 32. axb5 axb5 33. h5 b4 34. g4 Bf8 35. Kg3 Qd5 36. Qxd5 exd5 37. Ned2 Nc5 38. Nd4 Ne6 39. Nc2 Bc5 40. Nf3 d4 41. Nfe1 Be7 42. Nd3 Kf8 43. f4 g6 44. f5 gxf5 45. gxf5 Ng7 46. Kg4 f6 47. e6 Ne8 48. Ncxb4 Nd6 49. Nc6 Ne4 50. Nxd4 Nd2 51. Nf3 Nxb3 52. Nf4 Nc5 53. Ng6+ Ke8 54. Nh2 Nd3 55. Kf3 Nc5 56. Ng4 Bf8 57. Nxf6+ 1-0


[Site "https://www.chess.com"]

[Event "Titled Tuesday Blitz August 10 2021"]
[White "Manukyan, Sargis A."]
[Black "Kovalev, Vladislav"]
[WhiteFideId "13303970"]
[BlackFideId "13504398"]
[WhiteElo "2187"]
[BlackElo "2573"]
[Result "0-1"]
[Round "01"]
[TimeControl "180+1"]
[Date "2021.08.10"]
[WhiteClock "0:00:21"]
[BlackClock "0:00:12"]

1. d4 Nf6 2. e3 g6 3. Nf3 Bg7 4. Be2 O-O 5. O-O d6 6. b3 e5 7. dxe5 Ng4 8. Bb2 Nxe5 9. Nxe5 dxe5 10. Qxd8 Rxd8 11. Rd1 Rxd1+ 12. Bxd1 Bf5 13. f3 Nc6 14. e4 Be6 15. Be2 Rd8 16. Kf1 Nd4 17. Bxd4 Rxd4 18. Na3 c6 19. Rd1 Rxd1+ 20. Bxd1 Bf8 21. Nb1 Bc5 22. Ke2 h5 23. h3 h4 24. Kd3 Kg7 25. c3 a5 26. Nd2 b5 27. a4 Kh6 28. c4 bxa4 29. bxa4 Kg5 30. Bb3 Kf4 31. Nf1 f5 32. exf5 gxf5 33. Ke2 e4 34. Ba2 Bd4 35. Bb3 Bc5 36. Ba2 exf3+ 37. gxf3 Ke5 38. Nd2 Bb4 39. Bb3 Bxd2 40. Kxd2 f4 41. Ke2 Kd4 42. Kd2 c5 43. Bc2 Bxh3 44. Bd1 Bg2 0-1


[Site "https://www.chess.com"]

[Event "Titled Tuesday Blitz August 10 2021"]
[White "Martins, Igor Carvalho Ribeiro"]
[Black "Nakamura, Hikaru"]
[WhiteFideId "2162962"]
[BlackFideId "2016192"]
[WhiteElo "2499"]
[BlackElo "2900"]
[Result "0-1"]
[Round "01"]
[TimeControl "180+1"]
[Date "2021.08.10"]
[WhiteClock "0:00:04"]
[BlackClock "0:01:03"]

1. Nf3 g6 2. e4 Bg7 3. d4 d6 4. Be2 a6 5. a4 b6 6. Nc3 e6 7. O-O Bb7 8. Re1 Nd7 9. Bg5 Ne7 10. Qd2 h6 11. Bh4 g5 12. Bg3 g4 13. Nh4 h5 14. f4 Bf6 15. e5 dxe5 16. dxe5 Bg7 17. Qe3 Nd5 18. Nxd5 Bxd5 19. Red1 Bb7 20. f5 Bh6 21. Qf2 Rg8 22. Rf1 Qe7 23. Rad1 O-O-O 24. fxe6 fxe6 25. Qf7 Be3+ 26. Kh1 Qxf7 27. Rxf7 Bg5 0-1


[Site "https://www.chess.com"]

[Event "Titled Tuesday Blitz August 10 2021"]
[White "Nguyen, Ngoc Truong Son"]
[Black "DieHardCuban"]
[WhiteFideId "12401110"]
[WhiteElo "2596"]
[BlackElo "2460"]
[Result "1-0"]
[Round "01"]
[TimeControl "180+1"]
[Date "2021.08.10"]
[WhiteClock "0:01:35"]
[BlackClock "0:00:25"]

1. e4 c5 2. Nf3 d6 3. d4 cxd4 4. Nxd4 Nf6 5. Nc3 Nc6 6. Bg5 e6 7. Qd2 a6 8. O-O-O Bd7 9. f4 Be7 10. Nf3 b5 11. Bxf6 gxf6 12. Kb1 Qb6 13. f5 O-O-O 14. g3 Kb8 15. Bh3 Na5 16. fxe6 fxe6 17. Nd4 b4 18. Nce2 Nc4 19. Qd3 d5 20. exd5 exd5 21. Bxd7 Rxd7 22. Nf4 Rc8 23. Rhe1 Bc5 24. Nb3 Ne5 25. Qf5 Rcd8 26. Nxc5 Qxc5 27. Ne6 1-0


[Site "https://www.chess.com"]

[Event "Titled Tuesday Blitz August 10 2021"]
[White "Obolentseva, Alexandra"]
[Black "Vokhidov, Shamsiddin"]
[WhiteFideId "24153648"]
[BlackFideId "14204223"]
[WhiteElo "2113"]
[BlackElo "2572"]
[Result "0-1"]
[Round "01"]
[TimeControl "180+1"]
[Date "2021.08.10"]
[WhiteClock "0:01:45"]
[BlackClock "0:02:19"]

1. d4 Nf6 2. c4 e6 3. Nc3 Bb4 4. Qc2 O-O 5. Nf3 d5 6. Bf4 dxc4 7. e4 b5 8. a4 Bb7 9. Nd2 a6 10. Be2 Nc6 11. Nf3 Nxd4 12. Nxd4 Qxd4 13. O-O Bxc3 14. bxc3 Qxe4 15. Qxe4 Bxe4 16. Bxc7 Nd5 17. Be5 f6 18. Bd4 e5 19. Bc5 Rfc8 20. Bb4 Nxb4 21. cxb4 Bd3 22. Bxd3 cxd3 23. Rfd1 e4 24. f3 f5 25. fxe4 fxe4 26. Re1 d2 27. Red1 e3 28. Kf1 bxa4 29. Ke2 Rc3 30. Rxa4 Rf8 31. Rxa6 Rf2# 0-1


[Site "https://www.chess.com"]

[Event "Titled Tuesday Blitz August 10 2021"]
[White "Oparin, Grigoriy"]
[Black "Janaszak, Dawid"]
[WhiteFideId "24125890"]
[BlackFideId "1119206"]
[WhiteElo "2628"]
[BlackElo "2332"]
[Result "0-1"]
[Round "01"]
[TimeControl "180+1"]
[Date "2021.08.10"]
[WhiteClock "0:01:01"]
[BlackClock "0:00:12"]

1. d4 Nf6 2. Nf3 g6 3. c4 Bg7 4. Nc3 O-O 5. e3 d5 6. Be2 e6 7. O-O b6 8. b3 Bb7 9. Bb2 Nbd7 10. Rc1 c5 11. cxd5 Nxd5 12. Nxd5 Bxd5 13. Qd2 cxd4 14. Nxd4 Nc5 15. f3 Rc8 16. Rfd1 Qh4 17. Qe1 Qxe1+ 18. Rxe1 Rfd8 19. Kf2 h5 20. Red1 h4 21. Ba3 Be5 22. g3 hxg3+ 23. hxg3 Kg7 24. Bxc5 bxc5 25. Nb5 Rh8 26. e4 Rh2+ 27. Ke3 Bb7 28. f4 Bb2 29. Rc2 Bd4+ 30. Kd3 Ba6 31. a4 Rg2 32. Rf1 Rxg3+ 33. Rf3 Rxf3+ 34. Bxf3 Bxb5+ 35. axb5 Rh8 36. Bg2 Rh4 37. f5 gxf5 38. exf5 exf5 39. Ra2 Rg4 40. Bd5 Rg3+ 41. Kd2 f4 42. Rxa7 Kg6 43. Rxf7 Be3+ 44. Ke2 Rg2+ 45. Kd3 Rd2+ 46. Ke4 Rxd5 47. Rc7 Rd4+ 48. Kf3 Rb4 49. Rb7 Rxb3 50. Rb8 c4 51. Ke4 c3 52. Rc8 Rxb5 53. Rxc3 Rb4+ 54. Kf3 Kf5 55. Ra3 Rb2 56. Ra5+ Ke6 57. Ke4 Rb4+ 58. Kf3 Rb3 59. Rh5 Kf6 60. Rd5 Bc1+ 61. Kg4 Rg3+ 62. Kh4 Be3 63. Rb5 Rg8 64. Rd5 f3 65. Rd1 f2 66. Rf1 Rg1 0-1


[Site "https://www.chess.com"]

[Event "Titled Tuesday Blitz August 10 2021"]
[White "Quparadze, Giga"]
[Black "Itgelt, Khuyagtsogt"]
[WhiteFideId "13602250"]
[BlackFideId "4902912"]
[WhiteElo "2658"]
[BlackElo "2012"]
[Result "1-0"]
[Round "01"]
[TimeControl "180+1"]
[Date "2021.08.10"]
[WhiteClock "0:01:24"]
[BlackClock "0:00:11"]

1. e4 e6 2. d4 d5 3. Nc3 Bb4 4. Bd3 c5 5. dxc5 Bxc5 6. exd5 exd5 7. Nxd5 Bxf2+ 8. Kxf2 Qxd5 9. Nf3 Ne7 10. Re1 Be6 11. Ng5 Nbc6 12. Nxe6 fxe6 13. Qg4 O-O 14. Kg1 Nf5 15. Qc4 Rad8 16. Qxd5 exd5 17. Bg5 Rd7 18. Rf1 Rdf7 19. Rae1 h6 20. Bd2 Nd6 21. Rxf7 Rxf7 22. Re6 Nc4 23. Bc3 Re7 24. Rxe7 Nxe7 25. b3 Nb6 26. Bd4 Nc6 27. Bc3 Kf7 28. Kf2 d4 29. Bd2 Kf6 30. Be4 Ke5 31. Bf3 Nd5 32. a3 Nf6 33. Ke2 Ne4 34. Be1 Ne7 35. Kd3 Nd6 36. Bg3+ Ke6 37. Bxd6 Kxd6 38. Bxb7 Ke5 39. b4 Ng6 40. g3 Nf8 41. a4 Nd7 42. a5 Nf6 43. b5 Nd7 44. Kc4 1-0


[Site "https://www.chess.com"]

[Event "Titled Tuesday Blitz August 10 2021"]
[White "Ronka, Erik"]
[Black "Gupta, Abhijeet"]
[WhiteFideId "505080"]
[BlackFideId "5010608"]
[WhiteElo "2264"]
[BlackElo "2549"]
[Result "0-1"]
[Round "01"]
[TimeControl "180+1"]
[Date "2021.08.10"]
[WhiteClock "0:00:11"]
[BlackClock "0:00:50"]

1. d4 Nf6 2. c4 g6 3. Nc3 d5 4. Bf4 Bg7 5. e3 O-O 6. Rc1 c5 7. dxc5 Ne4 8. Nge2 Nxc3 9. Nxc3 e5 10. Bg3 d4 11. Nd5 Be6 12. Be2 Na6 13. O-O Nxc5 14. Bxe5 d3 15. Bxg7 dxe2 16. Qd4 exf1=Q+ 17. Kxf1 Bxd5 18. Bxf8 Bxg2+ 19. Kxg2 Qxf8 20. Rd1 Ne6 21. Qe5 Rd8 22. Rd5 b6 23. f4 Re8 24. Qf6 Qe7 25. Qc3 Nc5 26. Re5 Qb7+ 27. Kh3 0-1


[Site "https://www.chess.com"]

[Event "Titled Tuesday Blitz August 10 2021"]
[White "Sevian, Samuel"]
[Black "Primbetov, Kazbek"]
[WhiteFideId "2040506"]
[BlackFideId "13702297"]
[WhiteElo "2966"]
[BlackElo "2184"]
[Result "1-0"]
[Round "01"]
[TimeControl "180+1"]
[Date "2021.08.10"]
[WhiteClock "0:02:47"]
[BlackClock "0:00:16"]

1. c4 Nf6 2. Nc3 g6 3. e4 d6 4. d3 Bg7 5. g3 c5 6. Bg2 Nc6 7. Nge2 O-O 8. h3 a6 9. O-O Rb8 10. a4 Ne8 11. f4 Nc7 12. f5 b5 13. axb5 axb5 14. g4 bxc4 15. dxc4 Ne5 16. g5 Nxc4 17. Qc2 Ne5 18. Nf4 Nb5 19. Nxb5 Rxb5 20. Nd5 e6 21. Nc3 Rb4 22. f6 Bh8 23. Bf4 Nc4 24. b3 e5 25. bxc4 exf4 26. Nd5 Rb7 27. Rxf4 Be6 28. Raf1 Bxd5 29. exd5 Qb8 30. h4 Rb2 31. Qd3 Qb3 32. Qxb3 Rxb3 33. R4f3 Rxf3 34. Bxf3 h6 35. Rf2 Re8 36. Re2 Rxe2 37. Bxe2 hxg5 38. hxg5 Kf8 39. Bg4 Ke8 40. Kf2 Kd8 41. Ke2 Kc7 42. Kd3 Kb6 43. Kc3 Ka5 44. Kb3 Kb6 45. Ka3 Ka5 46. Bd7 Kb6 47. Be8 1-0


[Site "https://www.chess.com"]

[Event "Titled Tuesday Blitz August 10 2021"]
[White "Sharma, Dinesh K."]
[Black "Andreikin, Dmitry"]
[WhiteFideId "5004110"]
[BlackFideId "4158814"]
[WhiteElo "2392"]
[BlackElo "2782"]
[Result "0-1"]
[Round "01"]
[TimeControl "180+1"]
[Date "2021.08.10"]
[WhiteClock "0:00:45"]
[BlackClock "0:01:17"]

1. e4 c5 2. Nf3 e6 3. d4 cxd4 4. Nxd4 Nc6 5. Nc3 d6 6. g4 a6 7. g5 Nxd4 8. Qxd4 b5 9. a3 Ne7 10. Be3 Nc6 11. Qd2 Bb7 12. O-O-O Rc8 13. Kb1 Be7 14. f4 O-O 15. Bd3 b4 16. axb4 Nxb4 17. f5 exf5 18. exf5 Nxd3 19. cxd3 Bxh1 20. Rxh1 d5 21. f6 Bb4 22. Bd4 Re8 23. h4 Bc5 24. Bxc5 Rxc5 25. fxg7 Qa5 26. h5 d4 27. g6 dxc3 28. gxf7+ Kxf7 29. Rf1+ Rf5 30. g8=Q+ Rxg8 31. Rxf5+ Qxf5 32. Qxc3 Rg1+ 0-1


[Site "https://www.chess.com"]